 Dungeon Crawl Stone Soup version 0.31.0-12-g77e489cdc1 (webtiles) character file.

Game seed: 2202493229418977893

167 Gadfly the Covered (level 5, -8/45 HPs)
             Began as an Armataur Fighter on Feb 29, 2024.
             Mangled by Crazy Yiuf
             ... wielding a +4 quarterstaff of chaos
              (15 damage)
             ... on level 2 of the Dungeon.
             The game lasted 00:02:40 (1670 turns).

Gadfly the Covered (Armataur Fighter)               Turns: 1670, Time: 00:02:41

Health: -8/45      AC:  7    Str: 28    XL:     5   Next: 23%
Magic:  6/6        EV:  7    Int:  8    God:
Gold:   63         SH:  4    Dex: 11    Spells: 4/4 levels left

rFire   . . .        a - +0 flail (chaos)
rCold   . . .        c - +0 buckler
rNeg    . . .        b - +0 scale mail
rPois   .            (no helmet)
rElec   .            (no cloak)
rCorr   .            (no gloves)
SInv    .            (no barding)
Will    .....        (no amulet) Stlth
                     f - +6 ring of strength
HPRegen 0.27/turn    (no ring)
MPRegen 0.10/turn

%: roll
@: no status effects
A: large, deformed body, tough skin 3, armoured tail, roll 1
a: no special abilities


You were on level 2 of the Dungeon.
You visited 1 branch of the dungeon, and saw 2 of its levels.

You collected 63 gold pieces.

Inventory:

Hand Weapons
 a - a +0 flail of chaos (weapon)
Armour
 b - a +0 scale mail (worn)
 c - a +0 buckler (worn)
Jewellery
 f - a +6 ring of strength (left hand)
Scrolls
 h - a scroll of identify {unknown}
 i - a scroll of enchant armour {unknown}
Potions
 d - 3 potions of might
 e - a potion of lignification {unknown}
 g - a potion of curing {unknown}
 j - a potion of attraction {unknown}


   Skills:
 + Level 3.1 Fighting
 * Level 2.6 Maces & Flails
 + Level 4.1 Armour
 + Level 3.9 Shields
 * Level 2.0 Invocations
 * Level 2.2 Evocations


You had 4 spell levels left.
You didn't know any spells.
Your spell library was empty.

Dungeon Overview and Level Annotations

Branches:
Dungeon (2/15)

Altars:

Annotations:
D:2 Crazy Yiuf


Innate Abilities, Weirdness & Mutations

Armour fits poorly on your strangely shaped body.
You have extremely tough skin. (AC +3)
You have a long armoured tail.
You regenerate magic when rolling toward enemies. (Rampage MPRegen)


Message History

No target in view!
No target in view!
No target in view!
No target in view!
No target in view!
You now have 63 gold pieces (gained 9).
There is a stone staircase leading up here.
There is a stone staircase leading down here.
There is an open door here.
There is an open door here.
You see here a +0 dagger.
You see here a +0 whip.
Things that are here:
a +0 dagger; a +0 robe You see here a +0 club.
You see here a +0 chain mail.
There is a stone staircase leading down here.
Crazy Yiuf shouts!
Crazy Yiuf cries, "Lugonu cloud shoe!"
Could not explore, unopened runed door.
Could not explore, unopened runed door.
Could not explore, unopened runed door.
Search for what [Enter for "bra", or ? for help]? armo No reachable target in view!
You open the door.
Crazy Yiuf says, "Shower sing-song verde!"
You hit Crazy Yiuf. You freeze Crazy Yiuf.
Crazy Yiuf is lightly wounded.
Crazy Yiuf hits you with a +4 quarterstaff of chaos.
Crazy Yiuf burns you.
You closely miss Crazy Yiuf.
Crazy Yiuf is lightly wounded.
Crazy Yiuf hits you with a +4 quarterstaff of chaos.
Crazy Yiuf hits you with a +4 quarterstaff of chaos!
You are electrocuted!!
* * * LOW HITPOINT WARNING * * *
You hit Crazy Yiuf.
Crazy Yiuf is moving more slowly.
Crazy Yiuf is moderately wounded.
Crazy Yiuf hits you with a +4 quarterstaff of chaos!
You die...

#.############
#......# #.#
#......######## #.#
#.............. #.#
##############. #.# #.
#.# ##### #. #.# ###
♣♣##...# #. ..#
#)..#♣♣ ♣♣.#..#.# #.
### #...g@♣♣♣♣.......#
##. #
#...#♣..♣......#.###..
### ♣♣♣.♣..#...#.....
♣♣♣♣♣####.##...
#.##)## ####### ###
#.##.#. ##.....## #.#
#.##.#.
#######.......## #.#
#.##.#.
..>............#
#.########.##.#.


You could see Crazy Yiuf (petrifying).

Vanquished Creatures
  An orc priest (D:2)
  Jessica (D:2)
  Terence (D:2)
  A gnoll (D:1)
  An adder (D:2)
  A ribbon worm (D:2)
  3 dart slugs
  4 orcs
  5 bats
  4 endoplasms (D:1)
  2 giant cockroaches (D:2)
  3 goblins
  5 hobgoblins
  5 kobolds
  4 quokkas
  5 ball pythons
  2 frilled lizards (D:1)
  5 rats
53 creatures vanquished.

Vanquished Creatures (collateral kills)
  A goblin (D:1)
1 creature vanquished.

Grand Total: 54 creatures vanquished

Notes
Turn   | Place    | Note
-------+----------+-------------------------------------------
     0 | D:1      | Gadfly the Armataur Fighter began the quest for the Orb.
     0 | D:1      | Reached XP level 1. HP: 18/18 MP: 1/1
   113 | D:1      | Reached XP level 2. HP: 23/25 MP: 2/2
   197 | D:1      | Reached skill level 1 in Evocations
   224 | D:1      | Reached skill level 1 in Invocations
   334 | D:1      | Reached XP level 3. HP: 30/30 MP: 3/3
   466 | D:1      | Found a faded altar of an unknown god.
  1000 | D:2      | Noticed Jessica
  1120 | D:2      | Reached XP level 4. HP: 36/37 MP: 5/5
  1145 | D:2      | Killed Jessica
  1150 | D:2      | Reached skill level 4 in Armour
  1229 | D:2      | Noticed Terence
  1234 | D:2      | Killed Terence
  1235 | D:2      | Reached XP level 5. HP: 33/45 MP: 6/6
  1290 | D:2      | Found a runed translucent door.
  1291 | D:2      | Noticed Crazy Yiuf
  1670 | D:2      | Mangled by Crazy Yiuf

Illustrated notes

Levels and vault maps discovered:
D:1:      roderic_crossed_star, layout_loops_ring,
          hellmonk_ecumenical_altar_zigzags
D:2:      layout_loops_ring, kennysheep_path_1, uniq_crazy_yiuf_cottage,
          uniq_terence, uniq_jessica

Skill      XL: |  1  2  3  4 |
---------------+-------------+-----
Maces & Flails | 2 |  2.6
Evocations     | 1 2 |  2.2
Invocations    | 1 2 |  2.0
Fighting       | 3 |  3.1
Armour         | 4 |  4.1
Shields        | |  3.9

Action                     |  1- 3 |  4- 6 || total
---------------------------+-------+-------++-------
  Melee: Flail             |   103 |    32 ||   135
         Tailslap          |     9 |     6 ||    15
    Use: Scroll            |     3 |       ||     3
 Armour: Scale mail        |    87 |    20 ||   107
  Dodge: Dodged            |    34 |    11 ||    45
  Block: Buckler           |    20 |     3 ||    23
